 Dungeon Crawl Stone Soup version 0.31-a0-236-g9a0961fb85 (webtiles) character file.

Game seed: 162253683144024575

5664 qw the Skirmisher (level 10, -6/64 HPs)
             Began as a Gargoyle Hexslinger on July 10, 2023.
             Was a Follower of Okawaru.
             Killed from afar by an acid dragon (7 damage)
             ... with a splash of acid
             ... on level 8 of the Dungeon.
             The game lasted 00:03:43 (6420 turns).

qw the Skirmisher (Gargoyle Hexslinger)             Turns: 6420, Time: 00:03:44

Health: -6/64      AC: 16    Str: 19    XL:     10   Next: 75%
Magic:  11/13      EV: 16    Int: 13    God:    Okawaru [*.....]
Gold:   166        SH:  0    Dex: 16    Spells: 10/11 levels left

rFire   + . .        Y - +4 sling
rCold   . . .        (no shield)
rNeg    + . .        d - +0 leather armour {rF+}
rPois   inf          f - +0 helmet
rElec   +            u - +0 cloak
rCorr   .            e - +0 pair of gloves
SInv    .            i - +0 pair of boots
Will    .....        b - amulet of regeneration
Stlth   +++          l - +4 ring of protection
HPRegen 1.10/turn    n - +6 ring of strength
MPRegen 0.13/turn

%: no passive effects
@: heroic, corroded
A: sickness immunity, AC +7, negative energy resistance 1, electricity
resistance, torment resistance 1, petrification resistance
a: Renounce Religion, Heroism


You were on level 8 of the Dungeon.
You worshipped Okawaru.
Okawaru was aware of your devotion.
You visited 2 branches of the dungeon, and saw 9 of its levels.
You also visited: Sewer.

You collected 349 gold pieces.
You spent 183 gold pieces at shops.


Innate Abilities, Weirdness & Mutations

You are immune to sickness and miasma.
Your stone body is resilient. (AC +7)
You are immune to poison.
You resist negative energy. (rN+)
You are resistant to electric shocks. (rElec)
You are resistant to unholy torment.
You are immune to petrification.


   Skills:
 - Level 8.0(13.0) Fighting
 + Level 12.5(17.5) Ranged Weapons
 - Level 3.7(8.7) Armour
 - Level 3.1(8.1) Dodging
 - Level 1.0 Spellcasting
 - Level 2.6 Hexes
 - Level 4.1 Invocations


You had 10 spell levels left.
You knew the following spells:

 Your Spells              Type           Power      Damage    Failure   Level
a - Slow                  Hex            28%        N/A       11%         1

Your spell library contained the following spells:

 Spells                   Type           Power      Damage    Failure   Level
 Inner Flame              Hex/Fire       4%         N/A       50%         3
 Portal Projectile        Hex/Tloc       8%         N/A       50%         3
 Cause Fear               Hex            3%         N/A       71%         4

Inventory:

Hand Weapons
 Y - a +4 sling (weapon)
Armour
 a - a +0 ring mail
 d - a +0 leather armour of fire resistance (worn)
 e - a +0 pair of gloves (worn)
 f - a +0 helmet (worn)
 i - a +0 pair of boots (worn)
 u - a +0 cloak (worn)
Jewellery
 b - an amulet of regeneration (around neck)
 l - a +4 ring of protection (left hand)
 n - a +6 ring of strength (right hand)
Scrolls
 c - a scroll of identify
Potions
 g - 3 potions of cancellation
 h - 2 potions of magic
 j - 2 potions of haste
 k - a potion of resistance
 m - 2 potions of might
 o - a potion of enlightenment
 p - a potion of mutation
 q - 2 potions of curing

Dungeon Overview and Level Annotations

Branches:
Dungeon (8/15)             Temple (1/1) D:5           Sewer (visited)
   Lair: D:8-11

Altars:
Ashenzari
Cheibriados
Dithmenos
Elyvilon
Gozag
Kikubaaqudgha
Makhleb
Nemelex Xobeh
Okawaru
Qazlal
Ru
Sif Muna
Trog
Uskayaw
Vehumet
Wu Jian
Xom
Yredelemnul
Zin
The Shining One

Shops:
D:2 ?   D:3 :   D:4 *?([


Message History

The sling bullet hits the skeletal warrior.
The skeletal warrior is almost destroyed.
You shoot a sling bullet.
The sling bullet hits the skeletal warrior.
The skeletal warrior is almost destroyed.
The acid dragon bites you but does no damage.
The acid dragon barely misses you.
The skeletal warrior hits you with a +0 short sword!
You shoot a sling bullet.
The sling bullet hits the skeletal warrior but does no damage.
The skeletal warrior is almost destroyed.
The acid dragon spits acid at you.
The splash of acid hits you but does no damage.
The skeletal warrior hits you with a +0 short sword.
You shoot a sling bullet.
The sling bullet hits the skeletal warrior but does no damage.
The skeletal warrior is almost destroyed.
The acid dragon closely misses you.
The acid dragon claws you but does no damage.
The skeletal warrior completely misses you.
You shoot a sling bullet.
The sling bullet hits the skeletal warrior.
The skeletal warrior is almost destroyed.
You feel like a meek peon again.
You are no longer corroded.
6418 ||| INVOKING Heroism.
You gain the combat prowess of a mighty hero.
The acid dragon closely misses you. The acid dragon misses you.
The skeletal warrior hits you with a +0 short sword!
You shoot a sling bullet.
The sling bullet hits the skeletal warrior.
The skeletal warrior is almost destroyed.
The acid dragon spits acid at you. The splash of acid hits you!!
The acid corrodes you!
The skeletal warrior closely misses you.
You shoot a sling bullet.
The sling bullet hits the skeletal warrior but does no damage.
The skeletal warrior is almost destroyed.
The acid dragon spits acid at you. The splash of acid hits you!
You die...

#..###.....
#..#......#
#.##......(
#.#...###..
#####.#...#...#
......#...#.:..
#####..#zD....|.
#......)@#..#..=
.####...#..##..
#...<..#.....#
#.###..##..... #
#...####..
##......$.
#......##
..###.... ## #..


You could see a skeletal warrior and an acid dragon (catching breath).

Vanquished Creatures
  2 boulder beetles (D:7)
  Pikel (D:6)
  A deep elf pyromancer (D:7)
  A manticore (D:8)
  Prince Ribbit (D:6)
  A wyvern (D:6)
  Eustachio (D:6)
  3 water moccasins
  A black bear (D:7)
  An ice beast (D:5)
  4 ogres
  2 lemures (D:6)
  A phantom (D:5)
  7 kobold brigands
  3 bullfrogs (D:6)
  6 scorpions
  5 wights (D:6)
  5 hounds
  A gnoll bouda (D:7)
  An orc priest (D:7)
  A sleepcap (D:5)
  2 iguanas
  4 orc wizards
  7 gnolls
  4 adders
  A shadow imp (D:5)
  A white imp (D:6)
  3 ufetubi
  A worm (D:4)
  A dart slug (D:3)
  10 orcs
  3 bats (D:2)
  5 endoplasms
  6 giant cockroaches
  3 goblins
  5 hobgoblins
  5 jackals
  6 quokkas
  9 ball pythons
  4 frilled lizards
  40 kobolds
  7 rats
176 creatures vanquished.

Notes
Turn   | Place    | Note
-------+----------+-------------------------------------------
     0 | D:1      | qw the Gargoyle Hexslinger began the quest for the Orb.
     0 | D:1      | Reached XP level 1. HP: 12/12 MP: 2/2
     0 | D:1      | 0 ||| qw: Version: 0.3-a-52-g30416fa
     0 | D:1      | 0 ||| qw: Game counter: 4642
     0 | D:1      | 0 ||| qw: Melee chars always use a shield: true
     0 | D:1      | 0 ||| qw: God list: Okawaru
     0 | D:1      | 0 ||| qw: Allow faded altars: false
     0 | D:1      | 0 ||| qw: Do Orc after clearing Dungeon:15 true
     0 | D:1      | 0 ||| qw: Do second Lair branch before Depths: true
     0 | D:1      | 0 ||| qw: Lair rune preference: random
     0 | D:1      | 0 ||| qw: Goals: Normal
     0 | D:1      | 0 ||| PLANNING D:1-11
   510 | D:1      | 510 ||| SWAPPING to +3 sling.
   514 | D:1      | 514 ||| DROPPING +1 sling.
   550 | D:1      | Reached XP level 2. HP: 16/16 MP: 3/3
   863 | D:1      | 863 ||| UPGRADING to +0 leather armour.
   873 | D:1      | 873 ||| DROPPING +0 robe.
   874 | D:1      | 874 ||| UPGRADING to +0 pair of gloves.
   879 | D:1      | 879 ||| DROPPING +6 ring of intelligence.
   880 | D:1      | 880 ||| READING scroll labelled BIXZO NIALEFUDGH.
   881 | D:1      | 881 ||| READING scroll labelled DOL VUOHYGENI.
   882 | D:1      | 882 ||| DROPPING scroll of poison.
  1142 | D:2      | Reached skill level 3 in Ranged Weapons
  1168 | D:2      | Found Fypsavi's Magic Scroll Shoppe.
  1178 | D:2      | 1178 ||| SHOPLISTING scroll of enchant armour (97 gold,
                  | have 51).
  1178 | D:2      | 1178 ||| BUYING scroll of identify (26 gold).
  1178 | D:2      | Bought a scroll of identify for 26 gold pieces
  1178 | D:2      | 1178 ||| SHOPLISTING scroll of teleportation (39 gold, have
                  | 25).
  1260 | D:2      | Reached XP level 3. HP: 20/21 MP: 4/4
  1955 | D:2      | 1955 ||| UPGRADING to +0 helmet.
  1960 | D:2      | 1960 ||| DROPPING amulet of magic regeneration.
  1961 | D:2      | 1961 ||| READING scroll labelled LEISUR DAOCW.
  1966 | D:2      | 1966 ||| READING 2 scrolls of identify.
  1966 | D:2      | 1966 ||| IDENTIFYING viscous inky potion
  1967 | D:2      | 1967 ||| DROPPING potion of ambrosia.
  2116 | D:3      | Reached XP level 4. HP: 22/26 MP: 5/5
  2132 | D:3      | Reached skill level 4 in Ranged Weapons
  2222 | D:3      | Found Acotsul's Book Boutique.
  2303 | D:3      | Found a sacrificial altar of Ru.
  2318 | D:3      | Noticed a scorpion
  2333 | D:3      | Killed a scorpion
  2334 | D:3      | Reached XP level 5. HP: 25/30 MP: 6/6
  2387 | D:3      | Found an ancient bone altar of Kikubaaqudgha.
  2472 | D:3      | Noticed an ogre
  2483 | D:3      | Killed an ogre
  2484 | D:3      | Reached skill level 5 in Ranged Weapons
  2653 | D:3      | 2653 ||| UPGRADING to +0 ring mail.
  2663 | D:3      | 2663 ||| DROPPING +0 leather armour.
  2664 | D:3      | 2664 ||| UPGRADING to amulet of regeneration.
  2669 | D:3      | 2669 ||| READING scroll labelled MUROZOU HASTE.
  2688 | D:4      | Found Jutirit's Armour Shoppe.
  2695 | D:4      | 2695 ||| STAIRDANCE
  2698 | D:3      | Reached skill level 1 in Armour
  2698 | D:3      | Reached XP level 6. HP: 20/35 MP: 7/7
  2721 | D:4      | 2721 ||| BUYING +0 leather armour of fire resistance (99
                  | gold).
  2721 | D:4      | Bought a +0 leather armour of fire resistance for 99 gold
                  | pieces
  2760 | D:4      | Reached skill level 3 in Fighting
  2832 | D:4      | Reached skill level 6 in Ranged Weapons
  2929 | D:4      | Found Wixtemumo's Magic Scroll Shoppe.
  2932 | D:4      | 2932 ||| SHOPLISTING scroll of enchant armour (90 gold,
                  | have 68).
  2932 | D:4      | 2932 ||| BUYING scroll of teleportation (36 gold).
  2932 | D:4      | Bought a scroll of teleportation for 36 gold pieces
  3116 | D:4      | Found Bicasas's Weapon Shop.
  3232 | D:4      | Found Saehuadd's General Store.
  3238 | D:4      | 3238 ||| SHOPLISTING potion of mutation (88 gold, have 32).
  3238 | D:4      | 3238 ||| BUYING scroll of identify (22 gold).
  3238 | D:4      | Bought a scroll of identify for 22 gold pieces
  3271 | D:4      | 3271 ||| UPGRADING to +0 leather armour of fire resistance.
  3281 | D:4      | 3281 ||| UPGRADING to +4 ring of protection.
  3282 | D:4      | 3282 ||| READING scroll labelled VETAXUF AFIGH.
  3283 | D:4      | 3283 ||| DRINKING 2 coppery potions.
  3284 | D:4      | 3284 ||| DRINKING 2 amethyst potions.
  3303 | D:4      | 3303 ||| READING 3 scrolls of identify.
  3303 | D:4      | 3303 ||| IDENTIFYING puce potion
  3304 | D:4      | 3304 ||| READING 2 scrolls of identify.
  3304 | D:4      | 3304 ||| IDENTIFYING pink potion
  3305 | D:4      | 3305 ||| DROPPING potion of magic.
  3306 | D:4      | 3306 ||| DROPPING potion of lignification.
  3350 | D:5      | Entered Level 5 of the Dungeon
  3364 | D:5      | Identified the +9 quarterstaff of the Charming Whale
                  | {heavy, Fragile rN+ MP+9 Stlth+}
  3416 | D:5      | Reached XP level 7. HP: 43/43 MP: 8/8
  3458 | D:5      | 3458 ||| FLEEEEING.
  3461 | D:5      | 3461 ||| STAIRDANCE
  3466 | D:4      | 3466 ||| UPGRADING to +0 pair of boots.
  3471 | D:4      | 3471 ||| DROPPING amulet of guardian spirit.
  3476 | D:5      | HP: 10/43 [ogre/+0 giant spiked club (33)]
  3477 | D:5      | 3477 ||| STAIRDANCE
  3484 | D:4      | Reached skill level 7 in Ranged Weapons
  3769 | D:5      | 3769 ||| DRINKING potion of curing.
  3769 | D:5      | 3769 ||| (to cure confusion)
  3796 | D:5      | Found a staircase to the Ecumenical Temple.
  3797 | D:5      | 3797 ||| PLANNING TEMPLE
  3878 | D:5      | Reached skill level 8 in Ranged Weapons
  3878 | D:5      | Reached XP level 8. HP: 48/48 MP: 9/9
  3878 | D:5      | 3878 ||| DROPPING amulet of the acrobat.
  3879 | D:5      | 3879 ||| UPGRADING to +6 ring of strength.
  3899 | Temple   | Entered the Ecumenical Temple
  3900 | Temple   | 3900 ||| PLANNING OKAWARU WORSHIP
  4066 | Temple   | Became a worshipper of Warmaster Okawaru
  4067 | Temple   | 4067 ||| PLANNING D:1-11
  4278 | D:5      | 4278 ||| READING scroll labelled JEDUQO PUEPETI.
  4279 | D:5      | 4279 ||| READING 3 scrolls of identify.
  4279 | D:5      | 4279 ||| IDENTIFYING sedimented brown potion
  4280 | D:5      | 4280 ||| READING 2 scrolls of identify.
  4280 | D:5      | 4280 ||| IDENTIFYING dark potion
  4281 | D:5      | 4281 ||| DROPPING potion of attraction.
  4307 | D:6      | 4307 ||| PLANNING SEWER
  4354 | D:6      | Noticed Pikel
  4366 | D:6      | Noticed a wyvern
  4391 | D:6      | Killed Pikel
  4392 | D:6      | Reached skill level 6 in Fighting
  4398 | D:6      | Killed a wyvern
  4398 | D:6      | Reached * piety under Okawaru
  4399 | D:6      | 4399 ||| INVOKING Heroism.
  4469 | D:6      | Reached skill level 1 in Invocations
  4535 | D:6      | 4535 ||| Stepping ~*~*~tactically~*~*~ (outnumbered).
  4539 | D:6      | 4539 ||| Stepping ~*~*~tactically~*~*~ (outnumbered).
  4546 | D:6      | Reached skill level 9 in Ranged Weapons
  4546 | D:6      | Reached XP level 9. HP: 51/56 MP: 10/10
  4642 | D:6      | Reached skill level 3 in Invocations
  4663 | D:6      | 4663 ||| INVOKING Heroism.
  4664 | D:6      | Noticed Prince Ribbit
  4679 | D:6      | HP: 12/56 [wight/+1 spear (4)]
  4680 | D:6      | 4680 ||| READING scroll of teleportation.
  4684 | D:6      | HP: 6/56 [Prince Ribbit (11)]
  4739 | D:6      | Found a glowing drain.
  4749 | D:6      | 4749 ||| Stepping ~*~*~tactically~*~*~ (water).
  4760 | Sewer    | Entered a sewer
  4901 | Sewer    | 4901 ||| DRINKING 2 green potions.
  4903 | Sewer    | 4903 ||| READING 2 scrolls of identify.
  4903 | Sewer    | 4903 ||| IDENTIFYING sapphire potion
  4904 | Sewer    | 4904 ||| DROPPING potion of invisibility.
  5025 | Sewer    | 5025 ||| DRINKING 5 silvery potions.
  5040 | D:6      | 5040 ||| PLANNING D:1-11
  5158 | D:6      | Reached skill level 10 in Ranged Weapons
  5218 | D:6      | Noticed Eustachio
  5219 | D:6      | 5219 ||| INVOKING Heroism.
  5232 | D:6      | Killed Eustachio
  5374 | D:6      | 5374 ||| INVOKING Heroism.
  5397 | D:6      | Reached skill level 3 in Dodging
  5400 | D:6      | 5400 ||| INVOKING Heroism.
  5410 | D:6      | Killed Prince Ribbit
  5588 | D:6      | 5588 ||| DRINKING 3 inky potions.
  5589 | D:6      | 5589 ||| READING 2 scrolls of identify.
  5589 | D:6      | 5589 ||| IDENTIFYING smoky ruby potion
  5618 | D:7      | 5618 ||| STAIRDANCE
  5717 | D:7      | 5717 ||| INVOKING Heroism.
  5741 | D:7      | Reached XP level 10. HP: 63/63 MP: 13/13
  5757 | D:7      | Reached skill level 11 in Ranged Weapons
  5757 | D:7      | 5757 ||| FLEEEEING.
  5758 | D:7      | 5758 ||| FLEEEEING.
  5759 | D:7      | 5759 ||| FLEEEEING.
  5760 | D:7      | 5760 ||| FLEEEEING.
  5761 | D:7      | 5761 ||| FLEEEEING.
  5762 | D:7      | 5762 ||| FLEEEEING.
  5763 | D:7      | 5763 ||| FLEEEEING.
  5764 | D:7      | 5764 ||| FLEEEEING.
  5765 | D:7      | 5765 ||| FLEEEEING.
  5766 | D:7      | 5766 ||| FLEEEEING.
  5767 | D:7      | 5767 ||| FLEEEEING.
  5768 | D:7      | 5768 ||| FLEEEEING.
  5769 | D:7      | 5769 ||| FLEEEEING.
  5770 | D:7      | 5770 ||| FLEEEEING.
  5771 | D:7      | 5771 ||| FLEEEEING.
  5772 | D:7      | 5772 ||| STAIRDANCE
  5811 | D:7      | 5811 ||| INVOKING Heroism.
  5986 | D:7      | Noticed a boulder beetle
  5987 | D:7      | 5987 ||| INVOKING Heroism.
  5998 | D:7      | Noticed a boulder beetle
  6003 | D:7      | 6003 ||| INVOKING Heroism.
  6005 | D:7      | Noticed a deep elf pyromancer
  6009 | D:7      | 6009 ||| Stepping ~*~*~tactically~*~*~ (outnumbered).
  6010 | D:7      | HP: 11/64 [boulder beetle (31)]
  6011 | D:7      | 6011 ||| READING scroll of teleportation.
  6012 | D:7      | 6012 ||| DRINKING 4 potions of heal wounds.
  6069 | D:7      | Killed a deep elf pyromancer
  6070 | D:7      | Reached skill level 3 in Armour
  6091 | D:7      | Reached ** piety under Okawaru
  6131 | D:7      | 6131 ||| INVOKING Heroism.
  6172 | D:7      | 6172 ||| INVOKING Heroism.
  6194 | D:7      | 6194 ||| INVOKING Heroism.
  6207 | D:7      | Killed a boulder beetle
  6246 | D:7      | 6246 ||| UPGRADING to +0 cloak.
  6251 | D:7      | 6251 ||| READING scroll labelled ODOKOI GEQU.
  6252 | D:7      | 6252 ||| DRINKING 2 blue potions.
  6253 | D:7      | 6253 ||| READING 2 scrolls of identify.
  6253 | D:7      | 6253 ||| IDENTIFYING fuming brown potion
  6254 | D:7      | 6254 ||| DROPPING potion of brilliance.
  6260 | D:7      | 6260 ||| INVOKING Heroism.
  6289 | D:7      | 6289 ||| INVOKING Heroism.
  6304 | D:7      | Killed a boulder beetle
  6305 | D:7      | Reached skill level 12 in Ranged Weapons
  6350 | D:8      | Noticed a skeletal warrior
  6350 | D:8      | Noticed a manticore
  6353 | D:8      | 6353 ||| INVOKING Heroism.
  6364 | D:8      | Killed a manticore
  6382 | D:8      | HP: 7/64 [acid dragon/splash of acid (29)]
  6383 | D:8      | 6383 ||| DRINKING 3 potions of heal wounds.
  6384 | D:8      | 6384 ||| INVOKING Heroism.
  6387 | D:8      | HP: 16/64 [acid dragon (5)]
  6388 | D:8      | 6388 ||| DRINKING 2 potions of heal wounds.
  6408 | D:8      | HP: 9/64 [skeletal warrior/+0 short sword (9)]
  6409 | D:8      | 6409 ||| DRINKING potion of heal wounds.
  6418 | D:8      | 6418 ||| INVOKING Heroism.
  6419 | D:8      | HP: 1/64 [acid dragon/splash of acid (19)]
  6420 | D:8      | Killed from afar by an acid dragon

Levels and vault maps discovered:
D:1:      shiori_arrival_maze, layout_loops_corners
D:2:      kennysheep_six_static_rooms, layout_basic, serial_shops, shop
D:3:      layout_basic, mainiacjoe_overflow_large_starburst, serial_shops,
          nicolae_shop_hallway_plus, amcnicky_mini_corridor_feature
D:4:      layout_basic, serial_shops, nicolae_shop_just_a_little_nook,
          kennysheep_mini_moat, shop, kennysheep_little_box, dk_noncrumbling_3,
          eino_tiny_chamber
D:5:      layout_basic, temple_doors_e
D:6:      layout_loops_ring, portal_sewer_entry_f, columned_hall_lemuel,
          minivault_27, uniq_eustachio, uniq_prince_ribbit1, uniq_pikel
D:7:      layout_rooms, minmay_misc_feat_plants, minmay_chambers_of_fives
D:8:      layout_basic, lemuel_tele_altar, dpeg_lair_monsters, minmay_radiant
Temple:   nicolae_temple_bog_church

Skill      XL: |  1  2  3  4  5  6  7  8  9 10 |
---------------+-------------------------------+-----
Ranged Weapons | 3 4 5 6 8 9 10 12 | 12.5
Fighting       | 2 4 6 7 8 |  8.0
Armour         | 1 2 3 |  3.7
Dodging        | 2 3 |  3.1
Invocations    | 1 4 |  4.1
Spellcasting   | |  1.0
Hexes          | |  2.6

Action                     |  1- 3 |  4- 6 |  7- 9 | 10-12 || total
---------------------------+-------+-------+-------+-------++-------
  Melee: Unarmed           |       |       |    19 |       ||    19
   Fire: Sling             |   102 |   136 |   448 |   234 ||   920
 Invoke: Heroism           |       |       |     6 |    11 ||    17
    Use: Scroll            |     4 |     4 |     6 |     3 ||    17
         Potion            |       |     2 |     4 |     5 ||    11
 Armour: Leather armour    |    24 |    27 |   153 |    46 ||   250
         Ring mail         |       |    20 |       |       ||    20
         Skin              |       |       |    11 |       ||    11
  Dodge: Dodged            |    36 |    63 |   178 |    92 ||   369

Table legend:
 A = Non-vault XP
 B = Vault XP
 C = Vault XP percentage of total XP
 D = Non-vault monster count
 E = Vault monster count
 F = Vault count percentage of total count
                 A         B        C        D         E       F
            +---------+---------+-------+---------+---------+-------
      Total |    3699 |    4393 |  54.3 |     126 |      48 |  27.6
            +---------+---------+-------+---------+---------+-------
        D:1 |      10 |       4 |  28.6 |       7 |       2 |  22.2
        D:2 |      44 |      11 |  20.0 |      20 |       6 |  23.1
        D:3 |     280 |       0 |   0.0 |      15 |       0 |   0.0
        D:4 |     379 |       0 |   0.0 |      10 |       0 |   0.0
        D:5 |     576 |       0 |   0.0 |      16 |       0 |   0.0
        D:6 |    1489 |    1079 |  42.0 |      31 |       9 |  22.5
        D:7 |     818 |    2426 |  74.8 |      24 |       5 |  17.2
        D:8 |     103 |     533 |  83.8 |       3 |       1 |  25.0
      Sewer |       0 |     340 | 100.0 |       0 |      25 | 100.0
            +---------+---------+-------+---------+---------+-------
